SL
TOLEDO TITANS @ HARTFORD WHALERS
07/18/2018
 
TOP OF THE 1ST
Toledo Titans batting - Pitching for Hartford Whalers : RHP Dave Parrish
Pitching: RHP Dave Parrish
Batting: RHB Brad Brown 0-0: Fly out, F8 (Flyball, 8LD)
Batting: RHB Sherman Davis 0-0: Ball
1-0: Called Strike
1-1: Foul Ball, location: 2F
1-2: Ball
2-2: Ball
3-2: Ground out 1-3 (Groundball, 15)
Batting: LHB Michael Neely 0-0: Ball
1-0: Ball
2-0: Foul Ball, location: 2F
2-1: Swinging Strike
2-2: Strikes out swinging
Top of the 1st over - 0 run(s), 0 hit(s), 0 error(s), 0 left on base; Toledo 0 - Hartford 0
BOTTOM OF THE 1ST
Hartford Whalers batting - Pitching for Toledo Titans : RHP Lou Meadows
Pitching: RHP Lou Meadows
Batting: RHB Tyrone Scott 0-0: Called Strike
0-1: Fly out, F4 (Popup, 4D)
Batting: SHB Robert Shelby 0-0: SOLO HOME RUN (Flyball, 89XD), Distance : 427 ft
Batting: LHB César Durán 0-0: Ball
1-0: Foul Ball, location: 2F
1-1: Foul Ball, location: 2F
1-2: Ball
2-2: Ball
3-2: Fly out, F8 (Flyball, 8LD)
Batting: RHB Félix Rodríguez 0-0: Swinging Strike
0-1: Called Strike
0-2: Ball
1-2: Foul Ball, location: 2F
1-2: Ball
2-2: Strikes out looking
Bottom of the 1st over - 1 run(s), 1 hit(s), 0 error(s), 0 left on base; Toledo 0 - Hartford 1
TOP OF THE 2ND
Toledo Titans batting - Pitching for Hartford Whalers : RHP Dave Parrish
Batting: RHB Enrique Pérez 0-0: Called Strike
0-1: Foul Ball, location: 2F
0-2: SINGLE (Flyball, 89S)
Batting: LHB Herman Hayes 0-0: Foul Ball, location: 2F
0-1: Ball
1-1: Swinging Strike
1-2: Ball
2-2: 2-RUN HOME RUN (Flyball, 89XD), Distance : 422 ft
Batting: LHB David Martínez 0-0: Called Strike
0-1: Ball
1-1: Ball
2-1: Called Strike
2-2: Ground out 3-1 (Groundball, 3)
Batting: LHB Nathan Santos 0-0: Swinging Strike
0-1: Foul Ball, location: 2F
0-2: Strikes out swinging
Batting: LHB Salvador Vidal 0-0: Ball
1-0: SINGLE (Groundball, 6MD)
Batting: RHB Lou Meadows 0-0: Ball
1-0: Called Strike
1-1: Ball
2-1: Called Strike
2-2: Strikes out swinging
Top of the 2nd over - 2 run(s), 3 hit(s), 0 error(s), 1 left on base; Toledo 2 - Hartford 1
BOTTOM OF THE 2ND
Hartford Whalers batting - Pitching for Toledo Titans : RHP Lou Meadows
Batting: LHB Leonardo López 0-0: Ground out 6-3 (Groundball, 6)
Batting: RHB Akahele Kimokeo 0-0: Fly out, F7 (Flyball, 78M)
Batting: SHB Julian Anthony 0-0: Ball
1-0: Ball
2-0: Fly out, F8 (Flyball, 8RXD)
Bottom of the 2nd over - 0 run(s), 0 hit(s), 0 error(s), 0 left on base; Toledo 2 - Hartford 1
TOP OF THE 3RD
Toledo Titans batting - Pitching for Hartford Whalers : RHP Dave Parrish
Batting: RHB Brad Brown 0-0: Ball
1-0: Foul Ball, location: 2F
1-1: Foul Ball, location: 2F
1-2: Strikes out swinging
Batting: RHB Sherman Davis 0-0: Ball
1-0: Ball
2-0: Ball
3-0: Called Strike
3-1: Base on Balls
Batting: LHB Michael Neely 0-0: Ball
1-0: Ball
2-0: Ball
3-0: Called Strike
3-1: SINGLE (Line Drive, 89S)
Sherman Davis to second
Runner from 2nd tries for 3rd, SAFE, no throw or cutoff
Batting: RHB Enrique Pérez 0-0: Ball
1-0: Fly out, F7 (Line Drive, 78D)
Runner from 3rd tags up, SCORES, no throw
Batting: LHB Herman Hayes 0-0: SINGLE (Line Drive, 78M)
Michael Neely to second
Batting: LHB David Martínez 0-0: Called Strike
0-1: Ball
1-1: Foul Ball, location: 2F
1-2: Foul Ball, location: 2F
1-2: Ground out 3-1 (Groundball, 34)
Top of the 3rd over - 1 run(s), 2 hit(s), 0 error(s), 2 left on base; Toledo 3 - Hartford 1
BOTTOM OF THE 3RD
Hartford Whalers batting - Pitching for Toledo Titans : RHP Lou Meadows
Batting: LHB Bill Burgess 0-0: Called Strike
0-1: Swinging Strike
0-2: Foul Ball, location: 2F
0-2: Ball
1-2: Fly out, F7 (Flyball, 7D)
Batting: RHB Dave Parrish 0-0: Ball
1-0: Called Strike
1-1: Called Strike
1-2: SINGLE (Groundball, 4MD)
Batting: RHB Tyrone Scott 0-0: Fielders Choice at 2nd, 6-4 (Groundball, 6M)
Batting: SHB Robert Shelby 0-0: Called Strike
0-1: Ball
1-1: Ball
2-1: Fly out, F3 (Popup, 13S)
Bottom of the 3rd over - 0 run(s), 1 hit(s), 0 error(s), 1 left on base; Toledo 3 - Hartford 1
TOP OF THE 4TH
Toledo Titans batting - Pitching for Hartford Whalers : RHP Dave Parrish
Batting: LHB Nathan Santos 0-0: Ball
1-0: Ball
2-0: Foul Ball, location: 2F
2-1: Ball
3-1: Ground out U3 (Groundball, 3S)
Batting: LHB Salvador Vidal 0-0: Ball
1-0: Ground out 4-3 (Groundball, 4)
Batting: RHB Lou Meadows 0-0: Ball
1-0: Ball
2-0: Ground out 6-3 (Groundball, 6)
Top of the 4th over - 0 run(s), 0 hit(s), 0 error(s), 0 left on base; Toledo 3 - Hartford 1
BOTTOM OF THE 4TH
Hartford Whalers batting - Pitching for Toledo Titans : RHP Lou Meadows
Batting: LHB César Durán 0-0: Swinging Strike
0-1: SINGLE (Groundball, 3S) (infield hit)
Batting: RHB Félix Rodríguez 0-0: Ball
1-0: Foul Ball, location: 2F
1-1: Swinging Strike
1-2: Ball
2-2: Ground out 3-1 (Groundball, 34S)
César Durán to second
Batting: LHB Leonardo López 0-0: Ball
1-0: Ground out 6-3 (Groundball, 6M)
César Durán to third
Batting: RHB Akahele Kimokeo 0-0: Called Strike
0-1: Swinging Strike
0-2: Foul Ball, location: 2F
0-2: Strikes out looking
Bottom of the 4th over - 0 run(s), 1 hit(s), 0 error(s), 1 left on base; Toledo 3 - Hartford 1
TOP OF THE 5TH
Toledo Titans batting - Pitching for Hartford Whalers : RHP Dave Parrish
Batting: RHB Brad Brown 0-0: Ball
1-0: Foul Ball, location: 2F
1-1: Ball
2-1: Ball
3-1: Foul Ball, location: 2F
3-2: Base on Balls
Batting: RHB Sherman Davis 0-0: Ball
1-0: Swinging Strike
1-1: Swinging Strike
1-2: Ball
2-2: Fly out, F7 (Line Drive, 78D)
Batting: LHB Michael Neely 0-0: Ball
Brad Brown steals 2nd base
1-0: Intentional Walk
Batting: RHB Enrique Pérez 0-0: Ball
1-0: Ball
2-0: Ball
3-0: Foul Ball, location: 2F
3-1: 3-RUN HOME RUN (Flyball, 8RXD), Distance : 445 ft
Batting: LHB Herman Hayes 0-0: SINGLE (Popup, 8RS)
Batting: LHB David Martínez 0-0: Ball
1-0: Ball
2-0: Called Strike
2-1: Grounds into double play, 4-6-3 (Groundball, 4)
Top of the 5th over - 3 run(s), 2 hit(s), 0 error(s), 0 left on base; Toledo 6 - Hartford 1
BOTTOM OF THE 5TH
Hartford Whalers batting - Pitching for Toledo Titans : RHP Lou Meadows
Batting: SHB Julian Anthony 0-0: Swinging Strike
0-1: Called Strike
0-2: Foul Ball, location: 2F
0-2: Foul Ball, location: 2F
0-2: Foul Ball, location: 2F
0-2: Foul Ball, location: 2F
0-2: Foul Ball, location: 2F
0-2: Strikes out swinging
Batting: LHB Bill Burgess 0-0: Called Strike
0-1: Swinging Strike
0-2: Strikes out looking
Pinch Hitting: RHB Dave O'Day 0-0: Ball
1-0: SINGLE (Groundball, 56D)
Batting: RHB Tyrone Scott 0-0: Ball
Dave O'Day steals 2nd base
1-0: Foul Ball, location: 2F
1-1: Foul Ball, location: 2F
1-2: SINGLE (Groundball, 34D)
Dave O'Day to third
Runner from 3rd tries for Home, SAFE, no throw or cutoff
Batting: SHB Robert Shelby 0-0: Ball
Wild Pitch!
Tyrone Scott to second
1-0: Called Strike
1-1: Foul Ball, location: 2F
1-2: Ball
2-2: Fly out, F7 (Flyball, 78M)
Bottom of the 5th over - 1 run(s), 2 hit(s), 0 error(s), 1 left on base; Toledo 6 - Hartford 2
TOP OF THE 6TH
Toledo Titans batting - Pitching for Hartford Whalers : RHP Dave Parrish
Pitching: RHP Iván Cordero
Batting: LHB Nathan Santos 0-0: Ball
1-0: Foul Ball, location: 2F
1-1: Foul Ball, location: 2F
1-2: Ball
2-2: Ground out 6-3 (Groundball, 6M)
Batting: LHB Salvador Vidal 0-0: Ball
1-0: Ball
2-0: Fly out, F8 (Flyball, 8LM)
Batting: RHB Lou Meadows 0-0: Fly out, F8 (Flyball, 8RM)
Top of the 6th over - 0 run(s), 0 hit(s), 0 error(s), 0 left on base; Toledo 6 - Hartford 2
BOTTOM OF THE 6TH
Hartford Whalers batting - Pitching for Toledo Titans : RHP Lou Meadows
Batting: LHB César Durán 0-0: Foul Ball, location: 2F
0-1: SOLO HOME RUN (Flyball, 89XD), Distance : 421 ft
Batting: RHB Félix Rodríguez 0-0: Called Strike
0-1: Fly out, F3 (Popup, 23F)
Batting: LHB Leonardo López 0-0: Fly out, F3 (Popup, 3F)
Batting: RHB Akahele Kimokeo 0-0: Ball
1-0: Swinging Strike
1-1: Ball
2-1: Called Strike
2-2: Strikes out swinging
Bottom of the 6th over - 1 run(s), 1 hit(s), 0 error(s), 0 left on base; Toledo 6 - Hartford 3
TOP OF THE 7TH
Toledo Titans batting - Pitching for Hartford Whalers : RHP Iván Cordero
Batting: RHB Brad Brown 0-0: Called Strike
0-1: Hit by Pitch
Batting: RHB Sherman Davis 0-0: Fly out, F5 (Popup, 5SF)
Batting: LHB Michael Neely 0-0: Ball
1-0: Grounds into double play, 6-4-3 (Groundball, 6)
Top of the 7th over - 0 run(s), 0 hit(s), 0 error(s), 0 left on base; Toledo 6 - Hartford 3
BOTTOM OF THE 7TH
Hartford Whalers batting - Pitching for Toledo Titans : RHP Lou Meadows
Batting: SHB Julian Anthony 0-0: Ball
1-0: Ball
2-0: Called Strike
2-1: Called Strike
2-2: Foul Ball, location: 2F
2-2: SINGLE (Line Drive, 4MD)
Batting: LHB Bill Burgess 0-0: Called Strike
0-1: Foul Ball, location: 2F
0-2: Strikes out swinging
Pinch Hitting: RHB Mike McDonald 0-0: Called Strike
0-1: Fly out, F7 (Flyball, 7M)
Batting: RHB Tyrone Scott 0-0: Ball
1-0: Fly out, F9 (Flyball, 89M)
Bottom of the 7th over - 0 run(s), 1 hit(s), 0 error(s), 1 left on base; Toledo 6 - Hartford 3
TOP OF THE 8TH
Toledo Titans batting - Pitching for Hartford Whalers : RHP Iván Cordero
Pitching: RHP Juan Hernández
Batting: RHB Enrique Pérez 0-0: Called Strike
0-1: Ball
1-1: Called Strike
1-2: SOLO HOME RUN (Flyball, 78XD), Distance : 438 ft
Batting: LHB Herman Hayes 0-0: Called Strike
0-1: Called Strike
0-2: Ball
1-2: Ball
2-2: Fly out, F7 (Line Drive, 7S)
Batting: LHB David Martínez 0-0: Ball
1-0: Ball
2-0: Ball
3-0: Called Strike
3-1: Foul Ball, location: 2F
3-2: Foul Ball, location: 2F
3-2: Foul Ball, location: 2F
3-2: Foul Ball, location: 2F
3-2: Base on Balls
Batting: LHB Nathan Santos 0-0: Ball
David Martínez steals 2nd base
1-0: Ball
2-0: SINGLE (Line Drive, 34D)
David Martínez to third
Runner from 3rd tries for Home, SAFE, throw made home
Nathan Santos to second
Batting: LHB Salvador Vidal 0-0: Ball
1-0: Called Strike
1-1: Ball
2-1: Foul Ball, location: 2F
2-2: Ball
3-2: Strikes out swinging
Pinch Hitting: RHB Harris Harden 0-0: Ball
1-0: Swinging Strike
1-1: Foul Ball, location: 2F
1-2: Fly out, F9 (Flyball, 9LM)
Top of the 8th over - 2 run(s), 2 hit(s), 0 error(s), 1 left on base; Toledo 8 - Hartford 3
BOTTOM OF THE 8TH
Hartford Whalers batting - Pitching for Toledo Titans : RHP Lou Meadows
Pitching: RHP Luys Povoena
Batting: SHB Robert Shelby 0-0: Called Strike
0-1: Foul Ball, location: 2F
0-2: Ball
1-2: Strikes out swinging
Batting: LHB César Durán 0-0: Called Strike
0-1: SINGLE (Groundball, 4MD)
Batting: RHB Félix Rodríguez 0-0: Ball
1-0: Called Strike
1-1: 2-RUN HOME RUN (Flyball, 78XD), Distance : 434 ft
Batting: LHB Leonardo López 0-0: Ball
1-0: Ball
2-0: Called Strike
2-1: Ball
3-1: Base on Balls
Pitching: RHP António Lucero
Batting: RHB Akahele Kimokeo 0-0: Called Strike
0-1: Ball
1-1: Foul Ball, location: 2F
1-2: Foul Ball, location: 2F
1-2: Strikes out looking
Batting: SHB Julian Anthony 0-0: Foul Ball, location: 2F
0-1: Ball
1-1: Swinging Strike
1-2: Foul Ball, location: 2F
1-2: Foul Ball, location: 2F
1-2: Strikes out swinging
Bottom of the 8th over - 2 run(s), 2 hit(s), 0 error(s), 1 left on base; Toledo 8 - Hartford 5
TOP OF THE 9TH
Toledo Titans batting - Pitching for Hartford Whalers : RHP Juan Hernández
Pitching: RHP Jeff Macías
Now at 2B: Dave Farr
Batting: RHB Brad Brown 0-0: SINGLE (Groundball, 56D)
Batting: RHB Sherman Davis 0-0: Called Strike
0-1: Ball
1-1: Grounds into double play, 6-4-3 (Groundball, 6M)
Batting: LHB Michael Neely 0-0: Ball
1-0: Called Strike
1-1: Hit by Pitch
Batting: RHB Enrique Pérez 0-0: Fly out, F8 (Flyball, 8LD)
Top of the 9th over - 0 run(s), 1 hit(s), 0 error(s), 1 left on base; Toledo 8 - Hartford 5
BOTTOM OF THE 9TH
Hartford Whalers batting - Pitching for Toledo Titans : RHP António Lucero
Pitching: RHP Rusty King
Batting: LHB Bill Burgess 0-0: Called Strike
0-1: Called Strike
0-2: Ball
1-2: Ball
2-2: Foul Ball, location: 2F
2-2: Strikes out swinging
Batting: RHB Dave Farr 0-0: Swinging Strike
0-1: Ball
1-1: SINGLE (Line Drive, 6MD)
Batting: RHB Tyrone Scott 0-0: Ball
1-0: Foul Ball, location: 2F
1-1: Ball
2-1: Swinging Strike
2-2: Ball
3-2: Fly out, F8 (Flyball, 8LXD)
Batting: SHB Robert Shelby 0-0: Foul Ball, location: 2F
0-1: Swinging Strike
0-2: Strikes out swinging
Bottom of the 9th over - 0 run(s), 1 hit(s), 0 error(s), 1 left on base; Toledo 8 - Hartford 5
This league is powered by Out of the Park Baseball, the baseball management simulation game for PC, Mac and Linux
Monday, May 4th, 2015 - OOTP Baseball 15.6 Build 34